 Dungeon Crawl Stone Soup version 0.25-a0-571-gb5e01bddfa (webtiles) character file.

Game seed: 6712017032686690823, levelgen mode: classic

6153 EnegeticOcto the Cleaver (level 10, 41/96 HPs)
             Began as a Deep Dwarf Fighter on Feb 29, 2020.
             Quit the game on level 9 of the Dungeon.
             The game lasted 00:07:01 (6676 turns).

EnegeticOcto the Cleaver (Deep Dwarf Fighter)       Turns: 6676, Time: 00:07:02

Health: 41/96      AC: 17    Str: 26    XL:     10   Next: 59%
Magic:  4/4        EV:  8    Int:  8    God:
Gold:   1137       SH: 25    Dex: 15    Spells: 9/9 levels left

rFire    . . .     SeeInvis +   a - +1 war axe
rCold    . . .     Gourm    .   D - +8 tower shield of the Cricket {Dex+3}
rNeg     . . .     Faith    .   G - +1 chain mail "Vaump" {*Contam +Fly MR+++ SInv} (curse)
rPois    .         Spirit   .   B - +2 helmet
rElec    .         Reflect  .   x - scarf {cloud immunity}
rCorr    .         Harm     +   f - +0 pair of gloves
MR       ++++.                  c - +0 pair of boots of Mental Paralysis {Str+2} (curse)
Stlth    ..........             w - amulet of harm
HPRegen  0.00/turn              d - ring of see invisible
MPRegen  0.09/turn              (no ring)

@: non-regenerating
A: damage resistance, heal wounds, sense surroundings 2, no regeneration
a: Heal Wounds, Evoke Flight


You were on level 9 of the Dungeon.
You were not hungry.

You visited 2 branches of the dungeon, and saw 10 of its levels.
You also visited: Sewer and Bailey.

You collected 1137 gold pieces.

Inventory:

Hand Weapons
 a - a +1 war axe (weapon)
Missiles
 i - a throwing net (quivered)
Armour
 c - the cursed +0 pair of boots of Mental Paralysis (worn) {Str+2}
   (You found it on level 8 of the Dungeon)

   It affects your strength (+2).
   If you remove this armour, your AC will decrease by 1 (17 -> 16).
   It has a curse placed upon it.
 f - a +0 pair of gloves (worn)
 q - a +0 chain mail
 x - a scarf of cloud immunity (worn)
 B - a +2 helmet (worn)
 D - the +8 tower shield of the Cricket (worn) {Dex+3}
   (You acquired it on level 8 of the Dungeon)

   It affects your dexterity (+3).
 G - the cursed +1 chain mail "Vaump" (worn) {*Contam +Fly MR+++ SInv}
   (You found it on level 8 of the Dungeon)

   It affects your resistance to hostile enchantments.
   It lets you see invisible.
   It lets you fly.
   It causes magical contamination when unequipped.
   If you remove this armour, your AC will decrease by 12 (17 -> 5).
   It has a curse placed upon it.
Jewellery
 d - a ring of see invisible (left hand)
 w - an amulet of harm (around neck)
 F - an uncursed ring of positive energy {unknown}
Wands
 b - a wand of flame (6)
 j - a wand of iceblast (9)
 H - a wand of paralysis (7)
Scrolls
 g - a scroll of brand weapon {unknown}
 m - 2 scrolls of teleportation {@r2}
 r - 5 scrolls of identify {@r1}
 s - a scroll of enchant armour
 u - 9 scrolls of remove curse {@r6}
 v - 3 scrolls of enchant weapon
 y - a scroll of fear
 A - a scroll of noise {unknown}
 C - a scroll of immolation {@r4}
Potions
 h - 4 potions of flight
 k - 3 potions of might {@q3}
 l - 6 potions of curing {@q1}
 n - 2 potions of haste {@q4}
 o - 5 potions of heal wounds {@q2}
 p - 2 potions of magic
 t - a potion of lignification {unknown}
 E - 2 potions of resistance {unknown}
Comestibles
 e - 22 rations
 z - 10 chunks of flesh


   Skills:
 * Level 8.0 Fighting
 * Level 9.3 Axes
 + Level 7.1 Armour
 - Level 4.7 Dodging
 * Level 8.2 Shields
 * Level 6.1 Evocations


You had 9 spell levels left.
You didn't know any spells.
Your spell library was empty.

Dungeon Overview and Level Annotations

Branches:
Dungeon (9/15)             Temple (1/1) D:5            Lair (0/6) D:8
  Sewer (visited)          Bailey (visited)
    Orc: D:9-12

Altars:
Ashenzari
Cheibriados
Dithmenos
Elyvilon
Fedhas
Gozag
Hepliaklqana
Kikubaaqudgha
Nemelex Xobeh
Okawaru
Qazlal
Ru
Sif Muna
Trog
Uskayaw
Vehumet
Xom
Yredelemnul
Zin
The Shining One

Annotations:
D:5 exclusion: statue


Innate Abilities, Weirdness & Mutations

You are resistant to damage.
You can heal yourself by infusing magical energy.
You passively map the area around you.
You do not regenerate.


Message History

Maurice is heavily wounded.
You block Maurice's attack.
You slash Maurice!
Maurice is severely wounded.
You block Maurice's attack.
You closely miss Maurice.
Maurice is severely wounded.
You block Maurice's attack.
Maurice gestures wildly while chanting.
Maurice looks slightly unstable.
You miss Maurice.
Maurice is severely wounded.
Maurice casts a spell.
Maurice puts on a burst of speed!
You slash Maurice!
You kill Maurice!
You feel your dexterity returning.
Your Fighting skill increases to level 8!
No target in view!
No target in view!
No target in view!
You now have 1137 gold pieces (gained 15).
Things that are here:
a +1 short sword of venom; a +0 cloak of poison resistance the human corpse of Maurice You butcher the human corpse of Maurice.
z - 10 chunks of flesh (gained 2)
Things that are here:
a +1 short sword of venom; a +0 cloak of poison resistance the human skeleton of Maurice
Things that are here:
a +1 short sword of venom; a +0 cloak of poison resistance the human skeleton of Maurice You are no longer poisoned.
A killer bee comes into view.
The killer bee buzzes angrily.
A killer bee comes into view. x2
The killer bee moves out of view.
A killer bee comes into view.
There are monsters nearby!
The killer bee buzzes angrily. x2
The killer bee buzzes angrily.
You block the killer bee's attack. x2
You closely miss the killer bee. You block the killer bee's attack.
You barely miss the killer bee. You block the killer bee's attack. x2
You slash the killer bee!
The killer bee is almost dead.
You block the killer bee's attack.
The killer bee stings you but does no damage.
You closely miss the killer bee.
The killer bee is almost dead.
You block the killer bee's attack. x2
You slice the killer bee!!
You kill the killer bee!
Your Evocations skill increases to level 6!
You block the killer bee's attack. x2
You closely miss the killer bee. You block the killer bee's attack. x2
You miss the killer bee. You block the killer bee's attack. x2
Your shield prevents you from hitting the killer bee.
You block the killer bee's attack. x3
You miss the killer bee. You block the killer bee's attack. x2
You miss the killer bee.
The killer bee stings you but does no damage.
You block the killer bee's attack.
You slice the killer bee!!
You kill the killer bee!
You block the killer bee's attack.
You slash the killer bee!
The killer bee is severely wounded.
You block the killer bee's attack. x2; The killer bee stings you.
Your shield and chain mail "Vaump" prevent you from hitting the killer bee.
The killer bee is severely wounded.
You block the killer bee's attack.
The killer bee stings you but does no damage.
You slice the killer bee!!
You kill the killer bee!
You block the killer bee's attack. The killer bee barely misses you.
You closely miss the killer bee. You block the killer bee's attack. x2
You miss the killer bee. You block the killer bee's attack. x2
Your shield and chain mail "Vaump" prevent you from hitting the killer bee.
You block the killer bee's attack. x2
You barely miss the killer bee. You block the killer bee's attack. x2
You miss the killer bee. You block the killer bee's attack. x2
The killer bee stings you but does no damage.
You slash the killer bee!
You kill the killer bee!
No target in view!
No target in view!
No target in view!
No target in view!
No target in view!
No target in view!
No target in view!
No target in view!
No target in view!
No target in view!
Things that are here:
a +1 short sword of venom; a +0 cloak of poison resistance the human skeleton of Maurice Are you sure you want to abandon this character and quit the game? (Confirm with "yes".)

###### #####....###
#..........#
#.#.#.#)...########
*
#.....@...........#
. ,
#.#.#.#.#.#######.#
...,,* #....(..###
#.#
.....######.#.#.#.#
#.#
......†...........#
#.#
#.############.####
#.##### , ##+##
#.....# ,* ##...##
#.###.# *,
##.....## ####.#
#.#


There were no monsters in sight!

Vanquished Creatures
  An orc high priest (Bailey)
  An orc knight (Bailey)
  Maurice (D:9)
  A kobold demonologist (Bailey)
  A water moccasin (D:8)
  A sky beast (D:8)
  12 orc warriors
  An ice beast (D:6)
  Purgy (Sewer)
  A phantom (D:5)
  5 ogres
  A necrophage (D:7)
  A black bear (D:7)
  5 centaurs
  A big kobold (D:8)
  2 bullfrogs
  A wyvern zombie (D:7)
  2 gnoll sergeants (D:7)
  A scorpion (D:6)
  9 killer bees
  3 wights (D:7)
  An electric eel (Bailey)
  3 howler monkeys
  A jelly (D:8)
  2 crimson imps
  A quasit (D:9)
  2 centaur skeletons
  3 orc priests
  2 hounds
  An orc wizard (D:6)
  4 worker ants
  A hound zombie (D:6)
  A hound skeleton (D:6)
  A worker ant zombie (D:5)
  Robin (D:3)
  14 gnolls
  11 adders
  A shadow imp (D:8)
  2 oozes
  An adder zombie (D:8)
  3 worms
  3 dart slugs
  8 leopard geckos
  17 orcs
  4 ball pythons (Sewer)
  9 giant cockroaches
  24 goblins
  18 hobgoblins
  4 quokkas
  10 bats
  9 frilled lizards
  9 kobolds
  A quokka zombie (D:6)
  5 rats
229 creatures vanquished.

Vanquished Creatures (others)
  4 toadstools (D:1)
4 creatures vanquished.

Grand Total: 233 creatures vanquished

Notes
Turn   | Place    | Note
-------+----------+-------------------------------------------
     0 | D:1      | EnegeticOcto the Deep Dwarf Fighter began the quest for the
                  | Orb.
     0 | D:1      | Reached XP level 1. HP: 20/20 MP: 1/1
    76 | D:2      | Reached XP level 2. HP: 25/27 MP: 2/2
   107 | D:3      | Reached XP level 3. HP: 17/34 MP: 2/2
   110 | D:3      | Reached skill level 3 in Axes
   110 | D:3      | Reached skill level 1 in Dodging
   400 | D:4      | Found a shadowy altar of Dithmenos.
   402 | D:4      | Reached XP level 4. HP: 23/42 MP: 2/2
   588 | D:4      | Noticed an ogre
   600 | D:4      | HP: 2/42 [ogre/+0 giant club (15)]
   614 | D:4      | Killed an ogre
   614 | D:4      | Reached skill level 4 in Axes
   614 | D:4      | Reached XP level 5. HP: 38/50 MP: 3/3
   654 | D:4      | Found a glowing drain.
   677 | Sewer    | Entered a sewer
   723 | Sewer    | Noticed Purgy
   776 | Sewer    | Killed Purgy
   776 | Sewer    | Reached XP level 6. HP: 49/57 MP: 2/2
   874 | D:4      | Found a blossoming altar of Fedhas.
  1149 | D:5      | Entered Level 5 of the Dungeon
  1375 | D:5      | Found a radiant altar of Vehumet.
  1392 | D:5      | Found a sparkling altar of Nemelex Xobeh.
  1506 | D:5      | Reached skill level 5 in Axes
  1506 | D:5      | Reached XP level 7. HP: 31/66 MP: 3/3
  1688 | D:5      | Found a sacrificial altar of Ru.
  1744 | D:5      | Found a staircase to the Ecumenical Temple.
  1754 | Temple   | Entered the Ecumenical Temple
  1985 | D:6      | Reached skill level 5 in Fighting
  2234 | D:6      | Reached skill level 5 in Armour
  2234 | D:6      | Reached skill level 5 in Shields
  2234 | D:6      | Reached XP level 8. HP: 43/74 MP: 2/2
  2349 | D:6      | Reached skill level 6 in Axes
  2726 | D:7      | Reached skill level 7 in Axes
  2785 | D:7      | Gained mutation: You passively map the area around you.
                  | [Deep Dwarf growth]
  2785 | D:7      | Reached XP level 9. HP: 46/84 MP: 3/3
  2804 | D:7      | Found an iron altar of Okawaru.
  3428 | D:2      | Found a basalt altar of Yredelemnul.
  4704 | D:3      | Found a shattered altar of Ashenzari.
  5055 | D:3      | Noticed Robin
  5070 | D:3      | Killed Robin
  5312 | D:8      | Identified 2 scrolls of acquirement
  5312 | D:8      | Identified the +8 tower shield of the Cricket {Dex+3} (You
                  | acquired it on level 8 of the Dungeon)
  5312 | D:8      | Identified the amulet of Compassion {Gourm Dex+2} (You
                  | acquired it on level 8 of the Dungeon)
  5354 | D:8      | Got a pair of warped boots
  5360 | D:8      | Identified the cursed +0 pair of boots of Mental Paralysis
                  | {Str+2} (You found it on level 8 of the Dungeon)
  5424 | D:8      | Found a flagged portal.
  5434 | Bailey   | Entered a bailey
  5481 | Bailey   | Found an iron altar of Okawaru.
  5481 | Bailey   | Noticed an orc high priest
  5481 | Bailey   | Noticed a kobold demonologist
  5487 | Bailey   | Noticed a rust devil
  5491 | Bailey   | Noticed a smoke demon
  5513 | Bailey   | Noticed a smoke demon
  5523 | Bailey   | Noticed a rust devil
  5527 | Bailey   | Noticed a hellwing
  5530 | Bailey   | Noticed a rust devil
  5533 | Bailey   | Noticed a hellwing
  5540 | Bailey   | Killed a kobold demonologist
  5540 | Bailey   | Reached skill level 1 in Evocations
  5579 | Bailey   | Reached skill level 8 in Axes
  5594 | Bailey   | Noticed a hellwing
  5606 | Bailey   | Noticed a hellwing
  5606 | Bailey   | Noticed a soul eater
  5612 | Bailey   | Killed an orc high priest
  5770 | Bailey   | Reached XP level 10. HP: 64/94 MP: 5/5
  5856 | Bailey   | Noticed an orc knight
  5870 | Bailey   | Killed an orc knight
  5994 | D:8      | Found a bloodstained altar of Trog.
  5995 | D:8      | Found an iron altar of Okawaru.
  6058 | D:8      | Found a staircase to the Lair.
  6070 | D:8      | Reached skill level 5 in Evocations
  6152 | D:8      | Found a glowing golden altar of the Shining One.
  6161 | D:8      | Reached skill level 9 in Axes
  6334 | D:8      | Got a pitted chain mail
  6345 | D:8      | Identified the cursed +1 chain mail "Vaump" {*Contam +Fly
                  | MR+++ SInv} (You found it on level 8 of the Dungeon)
  6605 | D:9      | Noticed Maurice
  6631 | D:9      | Killed Maurice
  6676 | D:9      | Quit the game

Levels and vault maps discovered:
D:1:      ldierk_water_garden, layout_basic, serial_forest,
          infiniplex_forest_clump_double, infiniplex_forest_clump_small,
          infiniplex_forest_clump_curved, infiniplex_forest_straight_2,
          infiniplex_forest_end_3, infiniplex_forest_clump_double,
          infiniplex_forest_pool, infiniplex_forest_clump_double
D:2:      layout_rooms, overflow_temple_1_default
D:3:      layout_loops_corners, overflow_temple_1_default, first_ration,
          uniq_robin
D:4:      layout_cave_pools, grunt_dithmenos_smoke, gup_sewer_entry_pipe,
          lemuel_tele_altar
D:5:      layout_cave_pools, vehumet_statue, nemelex_xobeh_ov_fountains_minmay,
          kennysheep_mini_moat, temple_hall
D:6:      layout_basic
D:7:      layout_rooms, basic_altar
D:8:      layout_loops_cross, grunt_temple_overflow_bloody_war,
          tso_oasis_becter, lair_entry_dummy, enter_bailey_2
D:9:      layout_loops_corners, makhleb_blood_cavern_becter,
          lemuel_doored_altar, serial_co_window_serial, co_window_paths_b,
          co_window_corner_a, co_window_paths_b, co_window_corner_a,
          co_window_corner_a, co_window_2corner, co_window_of_opportunity_b,
          co_window_paths_c, co_window_paths_c, co_window_4corner_b,
          glass_columns_c, glass_columns_b, glass_columns_b, glass_columns_b,
          glass_columns_a, uniq_maurice
Temple:   jpeg_temple_clearing

Skill      XL: |  1  2  3  4  5  6  7  8  9 10 |
---------------+-------------------------------+-----
Fighting       | 3 4 5 6 7 8 |  8.0
Axes           | 3 4 5 7 8 9 |  9.3
Dodging        | 1 2 3 4 |  4.7
Armour         | 4 5 6 7 |  7.1
Shields        | 4 5 7 8 |  8.2
Evocations     | 4 6 |  6.1

Action                   |  1- 3 |  4- 6 |  7- 9 | 10-12 || total
-------------------------+-------+-------+-------+-------++-------
Melee: War axe           |    80 |   189 |   606 |   141 ||  1016
 Abil: Heal Wounds       |     2 |     8 |    20 |     4 ||    34
Evoke: Wand              |       |       |     3 |       ||     3
  Use: Scroll            |       |     7 |    10 |     1 ||    18
       Potion            |       |     1 |     1 |     1 ||     3
  Eat: Chunk             |       |     3 |    15 |     3 ||    21
Armor: Scale mail        |    43 |    96 |     3 |       ||   142
       Chain mail        |       |       |   196 |    23 ||   219
Dodge: Dodged            |    35 |   106 |   192 |    15 ||   348
Block: Kite shield       |    52 |   137 |   285 |       ||   474
       Tower shield      |       |       |   282 |   171 ||   453

Table legend:
 A = Non-vault XP
 B = Vault XP
 C = Vault XP percentage of total XP
 D = Non-vault monster count
 E = Vault monster count
 F = Vault count percentage of total count
                 A         B        C        D         E       F
            +---------+---------+-------+---------+---------+-------
      Total |    4784 |    4007 |  45.6 |     164 |      65 |  28.4
            +---------+---------+-------+---------+---------+-------
        D:1 |      40 |       0 |   0.0 |      23 |       0 |   0.0
        D:2 |      55 |       0 |   0.0 |      19 |       0 |   0.0
        D:3 |     118 |      30 |  20.3 |      25 |       9 |  26.5
        D:4 |     206 |      16 |   7.2 |      11 |       6 |  35.3
        D:5 |     338 |       0 |   0.0 |      12 |       0 |   0.0
        D:6 |     769 |       0 |   0.0 |      18 |       0 |   0.0
        D:7 |    1519 |       0 |   0.0 |      30 |       0 |   0.0
        D:8 |    1267 |     124 |   8.9 |      17 |       1 |   5.6
        D:9 |     472 |     445 |  48.5 |       9 |       1 |  10.0
      Sewer |       0 |     137 | 100.0 |       0 |       8 | 100.0
     Bailey |       0 |    3255 | 100.0 |       0 |      40 | 100.0
            +---------+---------+-------+---------+---------+-------
